 Dungeon Crawl Stone Soup version 0.28.0-62-gf88900778d (webtiles) character file.

Game seed: 14652130438411051916

34 jjjjhere the Sneak (level 3, -2/21 HPs)
             Began as an Octopode Enchanter on Aug 18, 2023.
             Slain by an adder (4 damage)
             ... on level 2 of the Dungeon.
             The game lasted 00:01:32 (1404 turns).

jjjjhere the Sneak (Octopode Enchanter)             Turns: 1404, Time: 00:01:32

Health: -2/21      AC:  1    Str:  7    XL:     3   Next: 31%
Magic:  6/6        EV: 13    Int: 19    God:
Gold:   35         SH:  0    Dex: 12    Spells: 6/6 levels left

rFire   . . .      SeeInvis .   a - +1 dagger
rCold   . . .      Faith    .   (no shield)
rNeg    . . .      Spirit   .   (helmet restricted)
rPois   .          Reflect  .   (no amulet)
rElec   .          Harm     .   e - ring of willpower
rCorr   .          Rampage  .   (no ring)
Will    +....                   (no ring)
Stlth   ++++......              (no ring)
HPRegen 0.07/turn               (no ring)
MPRegen 0.10/turn               (no ring)
                                (no ring)
                                (no ring)

@: lethally poisoned (-2 -> -8)
A: almost no armour, amphibious, 8 rings, camouflage 1, gelatinous body 1,
(nimble swimmer 1), tentacles
a: no special abilities


You were on level 2 of the Dungeon.
You visited 1 branch of the dungeon, and saw 2 of its levels.

You collected 35 gold pieces.

Inventory:

Hand Weapons
 a - a +1 dagger (weapon)
Jewellery
 e - a ring of willpower (left tentacle)
Scrolls
 c - a scroll of identify {unknown}
 f - a scroll of magic mapping {unknown}
Potions
 b - a potion of invisibility
 d - 2 potions of lignification {unknown}


   Skills:
 - Level 1.0 Short Blades
 - Level 2.0 Dodging
 + Level 5.1 Stealth
 - Level 1.6 Unarmed Combat
 + Level 2.1 Spellcasting
 - Level 3.0 Hexes


You had 6 spell levels left.
You didn't know any spells.
Your spell library contained the following spells:

 Spells                   Type           Power      Damage    Failure   Level
 Ensorcelled Hibernation  Hex/Ice        14%        N/A       14%         2
 Confusing Touch          Hex            13%        N/A       14%         3
 Tukima's Dance           Hex            13%        N/A       14%         3
 Dazzling Flash           Conj/Hex       14%        N/A       26%         3


Dungeon Overview and Level Annotations

Branches:
Dungeon (2/15)

Altars:

Shops:
D:1 ((((!


Innate Abilities, Weirdness & Mutations

You cannot wear most types of armour.
You are amphibious.
You can wear up to eight rings at the same time.
Your skin changes colour to match your surroundings (Stealth+).
Your rubbery body absorbs attacks. (AC +1, EV +1)
((You are camouflaged when in or above water. (Stealth+)))
You have tentacles for arms and can constrict up to eight enemies at once.


Message History

You hit the adder but do no damage. You grab the adder.
You constrict the adder, but do no damage.
The adder bites you.
The adder struggles to escape constriction.
You hit the adder.
The adder is lightly wounded.
You constrict the adder.
The adder escapes!
The adder bites you. The adder barely misses you. The adder bites you.
You hit the adder. Your grab misses the adder.
The adder is heavily wounded.
The adder closely misses you.
You hit the adder. Your grab misses the adder.
The adder is heavily wounded.
The adder closely misses you.
You miss the adder. You grab the adder.
The adder is heavily wounded.
You constrict the adder, but do no damage.
The adder closely misses you.
You hit the adder but do no damage. You squeeze the adder.
You kill the adder!
The adder bites you.
* * * LOW HITPOINT WARNING * * *
Your Stealth skill increases to level 5!
You don't know any spells.
Sorry, you're not good enough to have a special ability.
Unknown command.
You completely miss the adder. Your grab misses the adder.
You squeeze the adder.
The adder is heavily wounded.
The adder closely misses you. The adder bites you.
* * * LOW HITPOINT WARNING * * *
You are lethally poisoned!
The adder poisons you!
You barely miss the adder. Your grab misses the adder.
The adder is heavily wounded.
* * * LOW HITPOINT WARNING * * *
You feel sick. The adder bites you.
You die...

########## #.......#####
#.##.....# #.###.)......
####.##.###.#
#.###.#.####. #..K....#
#.# #.##.....###.
#.##.##.###.#
#.##..#......
...K..##.##.K...#
#.##..#.####.
#...####.####.###
#.....(.####. #...
..####.##########.........
##. ####..KSS@..#
#.######## #. #.#.####.#
#.# # #.#..# #.# #.###
#.##†###.# #...#
#.......)# ###.# #
##.#.##### ##.## ##
###.....#########...####.
+.......................'.
####...#.#####.........##.


You could see 2 adders and a kobold.

Vanquished Creatures
  An adder (D:2)
  3 dart slugs
  3 endoplasms
  2 giant cockroaches
  2 hobgoblins (D:1)
  A kobold (D:1)
  A quokka (D:1)
  2 ball pythons (D:2)
  A bat (D:1)
  A frilled lizard (D:1)
  2 goblins (D:2)
19 creatures vanquished.

Notes
Turn   | Place    | Note
-------+----------+-------------------------------------------
     0 | D:1      | jjjjhere the Octopode Enchanter began the quest for the
                  | Orb.
     0 | D:1      | Reached XP level 1. HP: 11/11 MP: 3/3
    40 | D:1      | Found Nenukh's Weapon Boutique.
   224 | D:1      | Reached skill level 1 in Unarmed Combat
   224 | D:1      | Reached XP level 2. HP: 17/17 MP: 5/5
   226 | D:1      | Found Nefroy's Antique Weapon Boutique.
   244 | D:1      | Found Aqikkeix's Distillery.
   333 | D:1      | Found Juqau's Antique Weapon Shoppe.
   371 | D:1      | Found Guogu's Weapon Shop.
  1208 | D:2      | Reached XP level 3. HP: 21/21 MP: 6/6
  1399 | D:2      | HP: 5/21 [adder (3)]
  1400 | D:2      | Reached skill level 5 in Stealth
  1404 | D:2      | HP: 2/21 [poisoned by an adder]
  1404 | D:2      | Slain by an adder

Illustrated notes

Levels and vault maps discovered:
D:1:      onia_arrival_pyramid, layout_loops_cross, serial_shops,
          nicolae_square_shop, nicolae_diamond_shop, shop,
          nicolae_shop_waterfront, shop_statue, minmay_misc_feat_alley
D:2:      layout_loops_corners, serial_shops, nicolae_lakefront_shop

Skill      XL: |  1  2  3 |
---------------+----------+-----
Unarmed Combat | 1 |  1.6
Stealth        | 5 |  5.1
Short Blades   | |  1.0
Dodging        | |  2.0
Spellcasting   | |  2.1
Hexes          | |  3.0

Action                   || total
-------------------------++-------
Melee: Dagger            ||    38
       Tentacles         ||     9
       Constrict         ||     5
 Stab: Sleeping          ||    10
Armor: Skin              ||     1
Dodge: Dodged            ||    16
